 Dungeon Crawl Stone Soup version 0.25.1-2-g60ff931df9 (webtiles) character file.

Game seed: 6747862072754824741

578 Delamore the Cudgeler (level 7, -3/44 HPs)
             Began as a Gargoyle Fighter on Aug 31, 2020.
             Slain by a gnoll
             ... wielding a +0 spear
              (7 damage)
             ... on level 4 of the Dungeon.
             The game lasted 00:03:30 (4260 turns).

Delamore the Cudgeler (Gargoyle Fighter)            Turns: 4260, Time: 00:03:30

Health: -3/44      AC: 13    Str: 21    XL:     7   Next: 36%
Magic:  7/7        EV:  7    Int:  9    God:
Gold:   159        SH:  9    Dex:  9    Spells: 6/6 levels left

rFire    . . .     SeeInvis .   o - +1 whip (flame)
rCold    + . .     Gourm    .   c - +0 kite shield
rNeg     + . .     Faith    .   b - +0 scale mail
rPois    ∞         Spirit   .   (no helmet)
rElec    +         Reflect  .   (no cloak)
rCorr    .         Harm     .   g - +0 pair of gloves
MR       .....                  (no boots)
Stlth    ..........             (no amulet)
HPRegen  0.14/turn              m - ring of protection from cold
MPRegen  0.10/turn              (no ring)

@: stab
A: negative energy resistance 1, electricity resistance, unbreathing,
petrification resistance, rot immunity, AC +4
a: no special abilities


You were on level 4 of the Dungeon.
You were hungry.

You visited 1 branch of the dungeon, and saw 4 of its levels.

You collected 159 gold pieces.

Inventory:

Hand Weapons
 a - a +0 flail
 o - a +1 whip of flaming (weapon)
Missiles
 p - a throwing net (quivered)
Armour
 b - a +0 scale mail (worn)
 c - a +0 kite shield (worn)
 g - a +0 pair of gloves (worn)
Jewellery
 m - a ring of protection from cold (left hand)
Scrolls
 e - 9 scrolls of identify {unknown}
 i - 2 scrolls of teleportation {unknown}
 k - a scroll of enchant weapon {unknown}
 l - a scroll of blinking {unknown}
 n - 2 scrolls of remove curse {unknown}
Potions
 d - 2 potions of might
Comestibles
 f - 8 rations


   Skills:
 - Level 5.0 Fighting
 + Level 5.1 Maces & Flails
 - Level 5.0 Armour
 - Level 5.0 Shields


You had 6 spell levels left.
You didn't know any spells.
Your spell library contained the following spells:

 Spells                   Type           Power        Failure   Level  Hunger
 Confusing Touch          Hex            #.......     100%        3    ####...
 Gell's Gravitas          Tloc           #.........   100%        3    ####...
 Petrify                  Tmut/Erth      #.......     100%        4    #####..
 Metabolic Englaciation   Hex/Ice        #.........   100%        5    ######.
 Yara's Violent Unravell  Hex/Tmut       #.........   100%        5    ######.


Dungeon Overview and Level Annotations

Branches:
Dungeon (4/15)
 Temple: D:4-7

Altars:
Dithmenos
Fedhas
Kikubaaqudgha
Qazlal
Trog
The Shining One


Innate Abilities, Weirdness & Mutations

You are resistant to torment.
Your stone body is resilient. (AC +4)
You are immune to poison.
You resist negative energy. (rN+)
You are resistant to electric shocks. (rElec)
You can survive without breathing.
You are immune to petrification.
You are immune to rotting.


Message History

The gnoll seems to speed up.
The gnoll barely misses you.
You feel better.
You are feeling hungry.
You struggle against the net.
The gnoll hits you from afar with a +0 halberd.
You struggle against the net.
The gnoll hits you from afar with a +0 halberd.
You struggle against the net.
The gnoll hits you from afar with a +0 halberd!
* * * LOW HITPOINT WARNING * * *
You rip the net and break free!
The gnoll hits you from afar with a +0 halberd.
* * * LOW HITPOINT WARNING * * *
You open the door. 5 gnolls come into view.
The gnoll shouts! x2
You block the gnoll's attack. You block the gnoll's attack.
The gnoll hits you from afar with a +0 spear!
You die...

#########...####.#####.#.#.##....
.................................
P...≈≈≈≈≈≈≈≈≈≈≈≈≈≈≈≈≈≈≈....≈≈≈≈≈≈
....≈≈≈≈≈≈≈≈≈≈≈≈≈≈≈≈≈≈≈....≈≈≈≈≈≈
....≈≈#####≈≈≈≈≈≈≈≈≈≈≈≈....≈≈≈≈≈≈
....≈≈#ggg#......................
...P≈≈#...#############''''######
....≈≈###+#..gg.#######gg..#
....≈≈≈.# #..gg.@(.gOgggg..+
....≈≈≈.# #..g..#######gg..#
....≈≈≈.# ###### ##''## .P..≈≈≈.#
..gg. ....≈≈≈.# ...g..g ....≈≈≈.#
g...... ....≈≈≈.# O......
....≈≈≈.# ++##### ....≈≈###+#


You could see an ogre, a gnoll shaman and 10 gnolls.

Vanquished Creatures
  A sky beast (D:2)
  A phantom (D:4)
  2 hounds (D:4)
  A gnoll shaman (D:4)
  An orc priest (D:3)
  A bullfrog skeleton (D:4)
  An iguana (D:4)
  A worker ant (D:4)
  A hound skeleton (D:4)
  6 gnolls (D:4)
  5 adders
  A worm (D:4)
  A dart slug (D:1)
  2 leopard geckos
  4 orcs
  5 giant cockroaches
  10 goblins
  6 hobgoblins
  16 jackals
  3 kobolds (D:1)
  A quokka (D:2)
  4 bats
  6 frilled lizards
  A jackal skeleton (D:4)
  6 rats
87 creatures vanquished.

Notes
Turn   | Place    | Note
-------+----------+-------------------------------------------
     0 | D:1      | Delamore the Gargoyle Fighter began the quest for the Orb.
     0 | D:1      | Reached XP level 1. HP: 14/14 MP: 1/1
   180 | D:1      | Reached XP level 2. HP: 8/19 MP: 2/2
   694 | D:1      | Reached XP level 3. HP: 22/23 MP: 3/3
  1338 | D:2      | Found a bloodstained altar of Trog.
  1338 | D:2      | Found a blossoming altar of Fedhas.
  1339 | D:2      | Found an ancient bone altar of Kikubaaqudgha.
  1545 | D:2      | Noticed a sky beast
  1561 | D:2      | Killed a sky beast
  1561 | D:2      | Reached XP level 4. HP: 12/29 MP: 4/4
  1561 | D:2      | Reached XP level 5. HP: 14/33 MP: 5/5
  2397 | D:3      | Found a stormy altar of Qazlal.
  2404 | D:3      | Found a glowing golden altar of the Shining One.
  2861 | D:4      | Reached XP level 6. HP: 28/39 MP: 6/6
  2998 | D:4      | Noticed a phantom
  3065 | D:4      | Killed a phantom
  3266 | D:4      | Reached skill level 5 in Armour
  3476 | D:4      | Reached skill level 5 in Fighting
  3476 | D:4      | Reached skill level 5 in Shields
  3638 | D:4      | Found a shadowy altar of Dithmenos.
  3659 | D:4      | Reached XP level 7. HP: 29/44 MP: 7/7
  4212 | D:4      | Reached skill level 5 in Maces & Flails
  4260 | D:4      | Slain by a gnoll

Illustrated notes

Levels and vault maps discovered:
D:1:      tarquinn_simple_flora_water_e, layout_loops_ring, minmay_pentomino_t4
D:2:      layout_basic, gammafunk_temple_overflow_forgotten, grunt_ministairs_4
D:3:      layout_basic, chequers_temple_overflow_statue_of_worship
D:4:      lemuel_castle_with_subvaults [lemuel_castle_interior_original],
          layout_loops_ring, first_ration, nicolae_dithmenos_the_darkroom

Skill      XL: |  1  2  3  4  5  6  7 |
---------------+----------------------+-----
Fighting       | 4 5 |  5.0
Maces & Flails | 3 4 5 |  5.1
Armour         | 4 5 |  5.0
Shields        | 4 5 |  5.0

Action                   |  1- 3 |  4- 6 |  7- 9 || total
-------------------------+-------+-------+-------++-------
Melee: Flail             |   156 |    76 |       ||   232
       Whip              |       |   159 |    61 ||   220
  Use: Potion            |       |       |     4 ||     4
  Eat: Chunk             |     2 |     7 |     2 ||    11
Armor: Scale mail        |    85 |   210 |    24 ||   319
Dodge: Dodged            |    62 |   119 |    17 ||   198
Block: Kite shield       |    71 |   206 |    37 ||   314
